AoeStats
← RD | Dominicano

Arabia

509921350Analyzed
1v1 RM · 5d ago on Sep 28, 2026· 13m 49s· 2 players
Game mode
Random Map
Map size
Tiny (2 player)
Population
200
Speed
Normal
Resources
Standard
Victory
Conquest
Starting age
Dark Age
Ending age
Imperial Age
RankedLock teamsTeams togetherTeam positionsShared explorationLock speedFull tech treeHidden civsTurbo modeCheats
Victory
Defeat
🇦🇷 Shu · Argentina
1798
+14
🇩🇴 Slavs · Dominican Republic
1753
-14
RD | Dominicano
7:16 Loom
9:18 Feudal Age
9:40 Man-at-Arms
10:53 Double-Bit Axe
MerlinAoE
6:23 Loom
8:31 Feudal Age
8:42 Man-at-Arms
13:22 Double-Bit Axe
Connection lost

Rejoining the realm…

Still unreachable

The connection could not be restored.

Session expired

The server has moved on; the page needs a fresh start.